 Dungeon Crawl Stone Soup version 0.17-a0-1949-g1acca9a (webtiles) character file.

527 Ordine the Cruncher (level 7, -10/84 HPs)
             Began as a Minotaur Gladiator on Oct 2, 2015.
             Mangled by an orc warrior
             ... wielding a +0 flail
              (12 damage)
             ... on level 4 of the Dungeon.
             The game lasted 00:09:19 (2439 turns).

Ordine the Cruncher (Minotaur Gladiator)            Turns: 2439, Time: 00:09:19

Health: -10/84     AC: 23    Str: 20    XL:     7   Next: 3%
Magic:  6/6        EV:  2    Int:  5    God:
Gold:   206        SH:  0    Dex: 12    Spells: 0 memorised, 6 levels left

rFire  . . .     SeeInvis .     a - +0 quarterstaff
rCold  . . .     Clarity  .     (armour currently unavailable)
rNeg   + + +     SustAt   .     (no shield)
rPois  +         Gourm    .     (helmet currently unavailable)
rElec  .         Spirit   .     (cloak currently unavailable)
rCorr  .         Warding  .     (gloves currently unavailable)
rMut   .         NoTele   +     (boots currently unavailable)
MR     .....                    u - amulet of rage
Stlth  +.........               (no ring)
                                (no ring)

@: tree-form, not resistant to hostile enchantments, very unstealthy
A: (retaliatory headbutt), (horns 0)
a: Evoke Berserk Rage


You were on level 4 of the Dungeon.
You were hungry.
You were a tree.
You visited 1 branch of the dungeon, and saw 4 of its levels.

You collected 206 gold pieces.

Inventory:

Hand weapons
 a - a +0 quarterstaff (weapon)
Missiles
 d - 3 throwing nets (quivered)
Armour
 c - a +0 hat (melded)
 m - a +0 pair of boots (melded)
 n - a +1 chain mail (melded)
Jewellery
 r - an uncursed ring of teleportation
 u - an amulet of rage (around neck)
Magical devices
 l - a wand of polymorph (7)
 q - a wand of hasting (5)
Potions
 b - a potion of brilliance
 f - 5 potions of haste
 j - a potion of lignification
 k - a potion of degeneration {unknown}
 p - 2 potions of poison {unknown}
 s - a potion of resistance {unknown}
Comestibles
 e - 4 bread rations
 g - a royal jelly
 i - 11 fruits
 o - a meat ration
 t - a beef jerky


   Skills:
 - Level 2.4 Fighting
 + Level 9.6 Staves
 - Level 2.0 Throwing
 - Level 3.2 Dodging


You had 6 spell levels left.
You didn't know any spells.

Dungeon Overview and Level Annotations

Branches:
Dungeon (4/15)             Temple (0/1) D:4

Altars:
Dithmenos
Qazlal
Sif Muna
Zin
The Shining One


Innate Abilities, Weirdness & Mutations

((You reflexively headbutt those who attack you in melee.))
((You have a pair of horns on your head.))


Message History

The orc wizard seems to speed up.
You miss the orc wizard.
The orc wizard is heavily wounded.
The orc warrior hits you with a flail!!
* * * LOW HITPOINT WARNING * * *
The orc wizard hits you but does no damage.
Drink which item? (? for menu, Esc to quit)
You turn into a tree.
Your +0 hat melds into your body.
Your +0 pair of boots melds into your body.
Your +1 chain mail melds into your body.
Your roots penetrate the ground.
The orc wizard hits you but does no damage.
The orc warrior completely misses you.
The orc wizard points at you and mumbles some strange words.
The puff of flame hits you!
You hit the orc wizard.
The orc wizard is severely wounded.
The orc wizard hits you but does no damage.
The orc warrior hits you with a flail!
You die...

### ..##### ###....#
........# ##########
...#....##+###.........
......o........####.###
#..o♣.).....'...>#
...............####.#
####....##+#+#.####.####
###+## #.........#
#.####.##.# #.......#.#
#.#.####..#.#
............#
#.#.####..###


You could see an orc warrior and an orc wizard.

Vanquished Creatures
  Grinder (D:3)
  Purgy (D:3)
  An orc priest (D:4)
  An orc wizard (D:3)
  An iguana (D:4)
  Robin (D:4)
  4 adders
  An ooze (D:2)
  4 worms
  6 orcs
  A ball python (D:1)
  10 bats
  5 giant cockroaches
  9 hobgoblins
  A quokka (D:2)
  A giant gecko (D:4)
  4 giant newts
  19 goblins
  3 jackals (D:3)
  10 kobolds
  8 rats
92 creatures vanquished.

Notes
Turn   | Place    | Note
--------------------------------------------------------------
     0 | D:1      | Ordine the Minotaur Gladiator began the quest for the Orb.
     0 | D:1      | Reached XP level 1. HP: 18/18 MP: 0/0
    65 | D:1      | Reached skill level 4 in Staves
    77 | D:1      | Reached XP level 2. HP: 19/25 MP: 1/1
   261 | D:1      | Reached skill level 5 in Staves
   296 | D:1      | Reached XP level 3. HP: 25/30 MP: 2/2
  1024 | D:3      | Noticed Grinder
  1031 | D:3      | Paralysed by Grinder for 6 turns
  1047 | D:3      | Killed Grinder
  1047 | D:3      | Reached skill level 8 in Staves
  1047 | D:3      | Reached XP level 4. HP: 3/37 MP: 3/3
  1047 | D:3      | Reached XP level 5. HP: 3/42 MP: 4/4
  1269 | D:3      | Reached XP level 6. HP: 35/50 MP: 5/5
  1330 | D:3      | Found a stormy altar of Qazlal.
  1337 | D:3      | Found a glowing silver altar of Zin.
  1337 | D:3      | Found a shadowy altar of Dithmenos.
  1337 | D:3      | Found a glowing golden altar of the Shining One.
  1339 | D:3      | Found a deep blue altar of Sif Muna.
  1889 | D:3      | Noticed Purgy
  1903 | D:3      | Killed Purgy
  1903 | D:3      | Reached skill level 9 in Staves
  2102 | D:4      | Noticed Robin
  2113 | D:4      | Killed Robin
  2343 | D:4      | Found a staircase to the Ecumenical Temple.
  2432 | D:4      | Reached XP level 7. HP: 44/56 MP: 6/6
  2437 | D:4      | HP: 1/56 [orc warrior/flail (21)]
  2439 | D:4      | Mangled by an orc warrior

Vault maps used:
D:1:      minmay_arrival_checkered_box, minmay_surrounded
D:2:      minmay_misc_feat_iff, glass_columns_c
D:3:      minitemple, first_bread, uniq_purgy, uniq_grinder
D:4:      lemuel_coloured_pillars_altar, minmay_temple_entry_purple_smoke,
          uniq_robin

Action                   |  1- 3 |  4- 6 |  7- 9 || total
-------------------------+-------+-------+-------++-------
Melee: Quarterstaff      |    96 |    93 |     4 ||   193
 Abil: Evoke Berserk Rag |       |     1 |       ||     1
  Use: Scroll            |     7 |     5 |       ||    12
       Potion            |     2 |       |     2 ||     4
 Stab: Sleeping          |     1 |       |       ||     1
  Eat: Chunk             |       |     5 |       ||     5
